 Dungeon Crawl Stone Soup version 0.31-a0-986-g5e6e4ef867 (webtiles) character file.

Game seed: 4675115257165562700

2107917 Lobster4 the Petrodigitator (level 27, 179/179 (184) HPs)
             Began as a Gargoyle Earth Elementalist on Nov 13, 2023.
             Was the Champion of Vehumet.
             Escaped with the Orb
             ... and 4 runes on Nov 15, 2023!
             The game lasted 05:37:18 (91209 turns).

Lobster4 the Petrodigitator (GrEE)                 Turns: 91209, Time: 05:37:19

HP:   179/179 (184) AC: 36    Str: 29 (31) XL:     27
MP:   45/54         EV: 16    Int: 38      God:    Vehumet [******]
Gold: 10466         SH: 16    Dex:  9      Spells: 21/80 levels left

rFire   + + +        M - staff of the Heavens {rPois rF+ rN+++ Str+2 Dex-2 Fire}
rCold   + + +        Y - +2 kite shield {reflect}
rNeg    + + +        J - +4 skin of Zhor {*Englaciate rC+++ SInv}
rPois   ∞            U - +0 hat of Freedom {rF+ Str+4 Dex+2}
rElec   +            v - +0 cloak of Qazlal, Screaming {rElec rF+}
rCorr   +            k - +2 pair of gloves {Str+3}
SInv    +            z - +2 pair of boots {Stlth+}
Will    +++..        A - amulet "Vele" {RegenMP rCorr Int+4}
Stlth   +            u - ring "Ysoif" {rC+ Will+ rCorr Int+4 Slay-6}
HPRegen 0.49/turn    V - ring of the Bruised Xalams {Fly rF+ Str+7 Slay-5 Stlth-}
MPRegen 0.74/turn

%: reflection
@: flying, studying Shapeshifting, lightly drained
A: sickness immunity, AC +20, big wings, negative energy resistance 1,
electricity resistance, torment resistance 1, petrification resistance, horns 1,
clever 1, sturdy frame 1
0: Orb of Zot
}: 4/15 runes: serpentine, barnacled, silver, golden
a: Renounce Religion


You escaped.
You worshipped Vehumet.
Vehumet was exalted by your worship.
You visited 17 branches of the dungeon, and saw 68 of its levels.
You visited 1 bazaar.
You also visited: Trove, Sewer, Gauntlet and Ice Cave.

You collected 13813 gold pieces.
You spent 3347 gold pieces at shops.

Inventory:

Hand Weapons
 d - a +0 demon whip of flaming
Missiles
 C - 13 curare-tipped darts
 E - 6 datura-tipped darts
Armour
 j - the +10 tower shield of Ignorance {rN+ Int-4}
   (You acquired it on level 1 of the Elven Halls)

   Int-4:     It affects your intelligence (-4).
   rN+:       It protects you from negative energy.
 k - a +2 pair of gloves of strength (worn)
 v - the +0 cloak of Qazlal, Screaming (worn) {rElec rF+}
   (You found it in a Gauntlet)

   rF+:       It protects you from fire.
   rElec:     It insulates you from electricity.
 z - a +2 pair of boots of stealth (worn)
 J - the +4 skin of Zhor (worn) {*Englaciate rC+++ SInv}
   (You found it in an ice cave)

   *Englaciate: It radiates cold, occasionally slowing all nearby creatures who
   are not resistant to cold.
   rC+++:     It renders you almost immune to cold.
   SInv:      It lets you see invisible.
 L - the +18 shield of the Gong {Loud rN+ Will+ rCorr EV-5}
   (You found it in a treasure trove)

   Loud:      It is deafeningly noisy when blocking attacks.
   EV-5:      It affects your evasion (-5).
   rN+:       It protects you from negative energy.
   Will+:     It increases your willpower.
   rCorr:     It protects you from acid and corrosion.
 U - the +0 hat of Freedom (worn) {rF+ Str+4 Dex+2}
   (You acquired it on level 2 of the Tomb of the Ancients)

   Str+4:     It affects your strength (+4).
   Dex+2:     It affects your dexterity (+2).
   rF+:       It protects you from fire.
 Y - a +2 kite shield of reflection (worn)
Magical Staves
 a - a staff of earth
 M - the staff of the Heavens (weapon) {rPois rF+ rN+++ Str+2 Dex-2 Fire}
   (You found it on level 3 of the Tomb of the Ancients)

   [staff of fire]

   Base accuracy: +5 Base damage: 5 Base attack delay: 1.2 This weapon's minimum
   attack delay (0.6) is reached at skill level 12.
   Str+2:     It affects your strength (+2).
   Dex-2:     It affects your dexterity (-2).
   rF+:       It protects you from fire.
   rPois:     It protects you from poison rN+++: It renders you almost immune to
   negative energy.
   Fire:      It increases the power of your Fire spells.
   It falls into the 'Staves' category.
   It is a one-handed weapon.
Jewellery
 c - the ring "Besmoum" {*Slow rN+ MP+9 SInv}
   (You found it in a treasure trove)

   [ring of magical power]

   rN+:       It protects you from negative energy.
   MP+9:      It affects your magic capacity (+9).
   SInv:      It lets you see invisible.
   *Slow:     It may slow you when you take damage.
 s - the ring of Lugonu, Witching {Fire rPois Will++ rCorr Int-5}
   (You found it in a treasure trove)

   [ring of fire]

   Fire:      It enhances your fire magic.
   Int-5:     It affects your intelligence (-5).
   rF+:       It protects you from fire.
   rC-:       It makes you vulnerable to cold.
   rPois:     It protects you from poison Will++: It greatly increases your
   willpower.
   rCorr:     It protects you from acid and corrosion.
 u - the ring "Ysoif" (left hand) {rC+ Will+ rCorr Int+4 Slay-6}
   (You took it off a deep elf demonologist on level 3 of the Elven Halls)

   [ring of willpower]

   Int+4:     It affects your intelligence (+4).
   Slay-6:    It affects your accuracy & damage with ranged weapons and melee
   (-6).
   rC+:       It protects you from cold.
   Will+:     It increases your willpower.
   rCorr:     It protects you from acid and corrosion.
 A - the amulet "Vele" (around neck) {RegenMP rCorr Int+4}
   (You found it on level 2 of the Depths)

   [amulet of magic regeneration]

   RegenMP:   It increases your rate of magic regeneration.
   Int+4:     It affects your intelligence (+4).
   rCorr:     It protects you from acid and corrosion.
 V - the ring of the Bruised Xalams (right hand) {Fly rF+ Str+7 Slay-5 Stlth-}
   (You took it off a spriggan air mage on level 2 of the Depths)

   [ring of protection from fire]

   Str+7:     It affects your strength (+7).
   Slay-5:    It affects your accuracy & damage with ranged weapons and melee
   (-5).
   rF+:       It protects you from fire.
   Fly:       It grants you flight.
   Stlth-:    It makes you less stealthy.
Wands
 l - a wand of light (55)
 q - a wand of mindburst (54) (quivered)
 y - a wand of digging (11)
 F - a wand of roots (53)
Scrolls
 b - 3 scrolls of torment
 g - 7 scrolls of blinking
 o - 19 scrolls of teleportation
 r - a scroll of amnesia
 x - 5 scrolls of poison
 B - 8 scrolls of revelation
 D - 4 scrolls of silence
 O - 8 scrolls of fog
 R - 12 scrolls of fear
 W - 5 scrolls of immolation
 Z - 2 scrolls of enchant armour
Potions
 e - 5 potions of resistance
 h - 4 potions of cancellation
 i - 6 potions of heal wounds
 n - 10 potions of haste
 p - 9 potions of enlightenment
 t - 2 potions of invisibility
 w - 16 potions of curing
 H - 9 potions of lignification
 I - 3 potions of ambrosia
 K - 3 potions of berserk rage
 P - 22 potions of might
 X - a potion of brilliance
Miscellaneous
 f - the horn of Geryon
 m - a figurine of a ziggurat
 G - a phantom mirror
 Q - a lightning rod (4/4)
 T - a tin of tremorstones (2/2)


   Skills:
 + Level 22.1 Fighting
 - Level 1.0 Staves
 - Level 12.0 Armour
 + Level 14.1 Dodging
 - Level 3.0 Stealth
 - Level 20.0 Shields
 O Level 27 Spellcasting
 O Level 27 Conjurations
 - Level 5.0 Necromancy
 - Level 1.0 Transmutations
 - Level 3.0 Ice Magic
 - Level 3.0 Air Magic
 O Level 27 Earth Magic
 - Level 3.0 Evocations


You had 21 spell levels left.
You knew the following spells:

 Your Spells              Type           Power      Damage    Failure   Level
a - Sandblast             Erth           100%       2d20      0%          1
b - Stone Arrow           Conj/Erth      100%       3d13      0%          3
c - Bombard               Conj/Erth      65%        9d11      0%          6
d - Lehudib's Crystal Sp  Conj/Erth      65%        10d15     1%          8
e - Iskenderun's Mystic   Conj/Tloc      100%       2d19      0%          4
f - Borgnjor's Vile Clut  Necr/Erth      53%        N/A       0%          5
g - Shatter               Erth           65%        3d48*     1%          9
h - Lee's Rapid Deconstr  Erth           65%        3d30*     0%          5
i - Brom's Barrelling Bo  Conj/Erth      100%       2d11      0%          4
o - Orb of Destruction    Conj           65%        9d15      0%          7
p - Passwall              Tmut/Erth      85%        N/A       0%          2
z - Freezing Cloud        Conj/Ice/Air   47%        6-21      1%          5

Your spell library contained the following spells:

 Spells                   Type           Power      Damage    Failure   Level
 Chain Lightning          Conj/Air       52%        3d70      22%         9
 Fire Storm               Conj/Fire      62%        8d16      38%         9
 Kiss of Death            Conj/Necr      100%       2d13      0%          1
 Magic Dart               Conj           100%       1d8       0%          1
 Momentum Strike          Conj/Tloc      100%       3d10      0%          2
 Searing Ray              Conj           100%       2d8       0%          2
 Dazzling Flash           Conj/Hex       100%       N/A       0%          3
 Hailstorm                Conj/Ice       100%       3d20      0%          3
 Mephitic Cloud           Conj/Pois/Air  91%        N/A       0%          3
 Animate Armour           Summ/Erth      100%       N/A       0%          4
 Flame Wave               Conj/Fire      100%       2d21      0%          4
 Fulminant Prism          Conj/Hex       50%        3d22      0%          4
 Leda's Liquefaction      Hex/Erth       50%        N/A       0%          4
 Petrify                  Tmut/Erth      100%       N/A       0%          4
 Sticky Flame             Conj/Fire      100%       2d11      0%          4
 Iskenderun's Battlesphe  Conj           100%       2d15      0%          5
 Apportation              Tloc           100%       N/A       1%          1
 Freeze                   Ice            100%       1d10      1%          1
 Necrotise                Necr           100%       1d9       1%          1
 Sting                    Tmut/Pois      100%       1d8       1%          1
 Summon Small Mammal      Summ           100%       N/A       1%          1
 Blink                    Tloc           100%       N/A       1%          2
 Call Imp                 Summ           100%       N/A       1%          2
 Ensorcelled Hibernation  Hex/Ice        100%       N/A       1%          2
 Jinxbite                 Hex            100%       N/A       1%          2
 Lesser Beckoning         Tloc           100%       N/A       1%          2
 Poisonous Vapours        Pois/Air       100%       N/A       1%          2
 Scorch                   Fire           100%       2d9       1%          2
 Wereblood                Tmut           56%        N/A       1%          2
 Call Canine Familiar     Summ           50%        N/A       1%          3
 Confusing Touch          Hex            50%        N/A       1%          3
 Frozen Ramparts          Ice            100%       1d16      1%          3
 Gell's Gravitas          Tloc           50%        N/A       1%          3
 Ignite Poison            Fire/Tmut/Pois 69%        N/A       1%          3
 Inner Flame              Hex/Fire       67%        N/A       1%          3
 Ozocubu's Armour         Ice            65%        N/A       1%          3
 Sigil of Binding         Hex            50%        N/A       1%          3
 Summon Guardian Golem    Hex/Summ       50%        N/A       1%          3
 Teleport Other           Tloc           50%        N/A       1%          3
 Tukima's Dance           Hex            50%        N/A       1%          3
 Vampiric Draining        Necr           73%        2d11      1%          3
 Volatile Blastmotes      Fire/Tloc      100%       2d18      1%          3
 Anguish                  Hex/Necr       31%        N/A       1%          4
 Animate Dead             Necr           73%        N/A       1%          4
 Dispel Undead            Necr           73%        3d24      1%          4
 Olgreb's Toxic Radiance  Pois           50%        N/A       1%          4
 Agony                    Necr           73%        N/A       1%          5
 Arcjolt                  Conj/Air       52%        1d62      1%          5
 Fireball                 Conj/Fire      62%        3d24      1%          5
 Irradiate                Conj/Tmut      51%        3d28      1%          5
 Conjure Ball Lightning   Conj/Air       52%        3x3d18    1%          6
 Starburst                Conj/Fire      62%        6d16      1%          6
 Spellforged Servitor     Conj/Summ      50%        N/A       1%          7
 Summon Ice Beast         Ice/Summ       58%        N/A       2%          4
 Summon Lightning Spire   Summ/Air       58%        N/A       2%          4
 Vhi's Electric Charge    Tloc/Air       100%       N/A       2%          4
 Yara's Violent Unravell  Hex/Tmut       26%        3d11      2%          5
 Cause Fear               Hex            25%        N/A       4%          4
 Dimensional Bullseye     Hex/Tloc       25%        N/A       4%          4
 Manifold Assault         Tloc           50%        N/A       4%          4
 Metabolic Englaciation   Hex/Ice        29%        N/A       6%          5
 Silence                  Hex/Air        29%        N/A       6%          5
 Death Channel            Necr           36%        N/A       9%          6
 Alistair's Intoxication  Tmut/Pois      35%        N/A       10%         5
 Plasma Beam              Fire/Air       38%        2x1d51    10%         6
 Summon Forest            Summ/Tloc      25%        N/A       12%         5
 Summon Mana Viper        Hex/Summ       50%        N/A       12%         5
 Simulacrum               Ice/Necr       34%        N/A       12%         6
 Eringya's Noxious Bog    Tmut/Pois      26%        4d6       13%         6
 Ozocubu's Refrigeration  Ice            32%        4d14      26%         7
 Dispersal                Tloc           25%        N/A       54%         6
 Summon Cactus Giant      Summ           25%        N/A       54%         6
 Haunt                    Necr/Summ      31%        N/A       77%         7
 Maxwell's Capacitive Co  Air            32%        ∞         86%         8
 Enfeeble                 Hex            25%        N/A       98%         7
 Malign Gateway           Summ/Tloc      25%        N/A       98%         7
 Monstrous Menagerie      Summ           25%        N/A       98%         7
 Summon Hydra             Summ           25%        N/A       98%         7
 Borgnjor's Revivificati  Necr           36%        N/A       98%         8
 Ignition                 Fire           33%        3d10      99%         8
 Discord                  Hex            25%        N/A       100%        8
 Disjunction              Tloc           25%        N/A       100%        8
 Summon Horrible Things   Summ           25%        N/A       100%        8
 Death's Door             Necr           36%        N/A       100%        9
 Polar Vortex             Ice            32%        12d4*     100%        9


Dungeon Overview and Level Annotations

Branches:
Dungeon (15/15)            Temple (1/1) D:7            Lair (5/5) D:9
 Shoals (4/4) Lair:2        Snake (4/4) Lair:3        Slime (0/5) Lair:5
    Orc (2/2) D:10            Elf (3/3) Orc:2        Vaults (5/5) D:13
  Crypt (3/3) Vaults:2       Tomb (3/3) Crypt:3      Depths (4/4) D:15
   Hell (visited)             Dis (1/7) Hell            Geh (3/7) Hell
    Coc (7/7) Hell            Tar (2/7) Hell            Zot (5/5) Depths:4
  Sewer (visited)           IceCv (visited)         Gauntlet (visited)

Altars:
Ashenzari
Cheibriados
Dithmenos
Elyvilon
Fedhas
Gozag
Hepliaklqana
Kikubaaqudgha
Makhleb
Nemelex Xobeh
Okawaru
Qazlal
Ru
Sif Muna
Trog
Uskayaw
Vehumet
Wu Jian
Xom
Yredelemnul
Zin
The Shining One
Jiyva

Shops:
D:6 [   D:15 !   Orc:2 (=[(   Elf:2 (   Shoals:2 [   Vaults:1 *:!?   Vaults:2 (
Depths:1 *![*:   Depths:2 (=

Portals:
Hell: Depths:1 Depths:2 Depths:3 Depths:4
Abyss: Depths:1 Depths:3
Pandemonium: Depths:2 Depths:3 Depths:4
Ziggurat: Depths:3

Annotations:
Crypt:2 Mennas


Innate Abilities, Weirdness & Mutations

You are immune to sickness and miasma.
Your stone body is resilient. (AC +20)
You are immune to poison.
Your large and strong wings let you fly.
You resist negative energy. (rN+)
You are resistant to electric shocks. (rElec)
You are resistant to unholy torment.
You are immune to petrification.
You have a pair of small horns on your head.
Your mind is acute. (Int +4, Str/Dex -1)
Your movements are slightly less encumbered by armour. (ER -2)


Message History

The crystal spear hits the orange demon!!!!
You kill the orange demon!
Vehumet accepts your kill.
You feel your power returning.
Magic restored.
An Acazafal, a small abomination, a ynoxinul and a red devil come into view.
You radiate an aura of cold.
The ynoxinul is unaffected.
The small abomination seems to slow down.
Acazafal is unaffected.
The red devil seems to slow down.
The ynoxinul bellows!
There is an escape hatch in the ceiling here.
A mysterious force pulls you upwards. The hatch slams shut behind you.
There is a stone staircase leading up here.
You fly upwards.
There is a stone staircase leading down here.
There is a stone staircase leading up here.
You fly upwards.
There is a stone staircase leading down here.
There is an open door here.
There is a fountain of clear blue water here.
There is an open door here.
There is an open door here.
There is an open door here.
There is a stone staircase leading up here.
You fly upwards.
There is a stone staircase leading down here.
There is a stone staircase leading up here.
You fly upwards.
There is a stone staircase leading down here.
Casting: Lehudib's Crystal Spear (safe; 1% risk of failure)
Confirm with . or Enter, or press ? or * to list all spells.
The dungeon rumbles!
Ka-crash!
Unknown command.
Casting: Shatter (mildly dangerous; 1% risk of failure)
Confirm with . or Enter, or press ? or * to list all spells.
The dungeon rumbles!
Ka-crash!
Unknown command.
There is an escape hatch in the floor here.
There is a staircase leading out of the dungeon here.
You have escaped!

#.#.#...#.#...#.#..##...##..
#.#.#####.#####.#..##...####
#.#......>.........##...##.
#.###.#######.###..##...#.##
#...#.#.....#.#....##.......
#.###.###.###.#.#..##....###
#.#..>..#.#..>..#.........
#.#.###.#.#.###....#....#
#.#.#.#.#.#@#.#.#.......#.##
######.###.###.###.###....>......
.......................###.#...##
....#.#####......##..### #
#.#.........#########
....#.####.## #.#.#.# #.# ######
......# #.# #..... #.#..## #.#
#.####


There were no monsters in sight!

Vanquished Creatures
  6 dread liches
  7 orbs of fire
  3 ancient liches
  Mara (Depths:2)
  A juggernaut (Depths:3)
  Sojobo (Depths:1)
  29 royal mummies
  Bai Suzhen (Vaults:3)
  5 shard shrikes (Coc:5)
  10 Killer Klowns
  4 curse toes
  Geryon (Hell)
  Nikola (Vaults:3)
  11 golden dragons
  Norris (Elf:3)
  A profane servitor (Tar:1)
  3 bone dragons
  2 Brimstone Fiends
  4 hellephants
  Zenata (Vaults:2)
  2 electric golems (Zot:5)
  Rupert (Orc:2)
  A Hell Sentinel (Dis:1)
  10 liches
  25 tentacled monstrosities
  17 Ice Fiends
  27 Orb Guardians
  2 deep elf blademasters
  2 walking divine tomes
  5 searing wretches
  2 deep elf master archers (Elf:3)
  The ghost of Woitib the Devastator, an adept GrFE of Vehumet (Vaults:2)
  14 sphinxes
  An Executioner (D:14)
  15 ancient champions
  A kraken (Shoals:4)
  16 titans
  11 quicksilver dragons
  5 death cobs
  10 tengu reavers
  6 draconian monks
  14 shadow dragons
  A revenant (Tomb:2)
  Aizul (Depths:1)
  20 storm dragons
  13 fire giants
  A quicksilver elemental (Dis:1)
  An azure jelly (Coc:6)
  6 narguns
  2 deep elf sorcerers
  6 nagarajas (Snake:4)
  Louise (Depths:3)
  4 ghost moths
  9 frost giants
  21 vault wardens
  9 draconian knights
  5 draconian scorchers
  7 balrugs
  A curse skull (Crypt:2)
  5 iron dragons
  A spectral tentacled monstrosity (Crypt:2)
  5 draconian shifters
  3 deep elf elementalists (Elf:3)
  8 shard shrike simulacra
  5 ghouls
  19 very ugly things
  2 juggernaut zombies
  6 formless jellyfish
  13 ironbound preservers
  8 reapers
  10 war gargoyles
  3 draconian annihilators
  4 draconian stormcallers
  21 stone giants
  13 vampire knights
  A spriggan defender (Depths:3)
  10 black draconians
  8 ironbound thunderhulks
  13 green draconians
  A lorocyproca (D:14)
  9 deep elf annihilators
  A putrid mouth (Tar:2)
  6 deep elf demonologists
  11 wendigos
  4 spark wasps
  6 bennus (Tomb:2)
  5 purple draconians
  13 yellow draconians
  22 elemental wellsprings
  9 white draconians
  22 dire elephants
  A dire elephant (shapeshifter) (Depths:3)
  A minotaur (Gauntlet)
  13 red draconians
  5 eidola
  29 mummy priests
  11 ettins
  5 blizzard demons
  11 deep elf death magi
  12 merfolk impalers
  3 kraken zombies
  6 crystal guardians
  A spectral golden dragon (Tar:1)
  10 jiangshi
  3 entropy weavers
  An entropy weaver (shapeshifter) (D:14)
  14 fire dragons
  2 spectral spriggans (Tar:1)
  4 deep elf high priests
  4 spriggan zombies
  Josephine (D:12)
  7 merfolk javelineers
  3 rakshasas (Depths:3)
  4 hydras
  8 great orbs of eyes
  A catoblepas (Gauntlet)
  14 ice dragons
  12 yaktaur captains
  2 salamander tyrants (Geh:2)
  36 vault guards
  8 juggernaut simulacra
  6 spriggan air magi
  4 peacekeepers
  A hell beast (Gauntlet)
  Erolcha (Orc:2)
  Harold (D:11)
  12 caustic shrike simulacra
  5 ogre magi
  An anaconda (shapeshifter) (Depths:3)
  8 anacondas
  2 merfolk avatars
  11 centaur warriors
  An ironbound frostheart (Vaults:4)
  2 spriggan skeletons
  3 death knights
  3 alligator snapping turtles
  A merfolk aquamancer (Shoals:4)
  A fenstrider witch skeleton (Tomb:2)
  20 two-headed ogres
  5 boulder beetles
  41 dancing weapons
  A spectral stone giant (Tar:1)
  8 deep troll earth magi
  13 naga warriors
  6 deep troll shamans
  33 death scarabs
  5 tengu warriors
  8 vampire magi
  A demonic crawler (Hell)
  15 naga sharpshooters
  3 death yaks
  42 hell hogs
  A spectral human (Tar:1)
  7 shock serpents
  A spectral dire elephant (Tar:1)
  An emperor scorpion zombie (Crypt:2)
  8 spriggan berserkers
  A titan zombie (Tomb:2)
  Nergalle (Lair:1)
  A titan skeleton (Tomb:2)
  22 hell knights
  4 sun demons
  Sonja (D:13)
  4 spriggans (Depths:4)
  4 soul eaters
  9 deep elf knights
  7 skysharks
  4 shadow wraiths
  Amaemon (D:10)
  29 skeletal warriors
  3 salamander mystics
  5 quicksilver dragon simulacra
  31 deep trolls
  12 sea snakes
  2 bunyip zombies (Crypt:3)
  4 glowing orange brains
  A storm dragon skeleton (Hell)
  A golden dragon zombie (Crypt:3)
  6 flayed ghosts
  An elf simulacrum (Coc:1)
  2 anaconda zombies
  4 iron trolls (Depths:1)
  2 spectral anacondas (Tar:1)
  8 naga ritualists
  An obsidian statue (IceCv)
  An orb spider (shapeshifter) (D:15)
  A lindwurm (shapeshifter) (Depths:3)
  An orange crystal statue (Depths:1)
  19 ironbound convokers
  9 spriggan simulacra
  18 harpies
  6 deep elf archers
  An iron dragon zombie (Hell)
  Pikel (D:6)
  2 wolf spider zombies (Crypt:2)
  31 deep elf pyromancers
  16 phantasmal warriors
  15 necromancers
  2 orc knights (Orc:2)
  11 arcanists
  7 lindwurms
  A shadow dragon skeleton (Crypt:2)
  23 deep elf zephyrmancers
  6 mana vipers
  4 orc sorcerers
  An alligator zombie (Hell)
  8 cyclopes
  A worldbinder (Gauntlet)
  A fire giant zombie (Crypt:1)
  A stone giant zombie (Tomb:3)
  34 ugly things
  A wolf spider (Lair:5)
  31 moths of wrath
  12 salamanders
  A wolf spider (shapeshifter) (Depths:4)
  4 fauns (Shoals:1)
  A faun (shapeshifter) (Vaults:5)
  8 manticores
  2 spectral centaurs (Tar:1)
  Joseph (D:8)
  3 dire elephant zombies
  9 merfolk sirens
  3 elephants (Lair:5)
  12 naga magi
  2 molten gargoyles (Hell)
  A naga zombie (Tomb:2)
  An eleionoma skeleton (Crypt:2)
  8 rust devils (Hell)
  2 orange demons
  9 smoke demons
  10 titan simulacra
  2 gargoyles
  4 water nymphs
  57 black mambas
  2 ice statues (Hell)
  18 cane toads
  23 vault sentinels
  A rime drake (shapeshifter) (Vaults:5)
  10 guardian serpents
  An unseen horror (D:12)
  A death yak zombie (Crypt:2)
  9 komodo dragons
  2 rime drakes
  A bunyip simulacrum (Coc:1)
  A spectral naga (Tar:1)
  A sea snake zombie (Hell)
  4 hellions
  9 freezing wraiths
  8 ice devils
  9 tormentors
  A spectral harpy (Tar:1)
  2 red devils (Hell)
  A sea snake skeleton (Hell)
  A spectral demonspawn (Tar:1)
  7 tengu conjurers
  31 yaktaurs
  6 anaconda simulacra
  35 guardian mummies
  A mana viper skeleton (Crypt:1)
  A troll (shapeshifter) (Elf:2)
  2 spectral demonic crawlers (Crypt:2)
  A harpy zombie (Crypt:3)
  3 iron giant simulacra
  45 merfolk
  5 trolls
  A shadow dragon simulacrum (Coc:1)
  10 wind drakes
  3 alligator simulacra
  Prince Ribbit (D:5)
  A polar bear (shapeshifter) (D:15)
  10 polar bears
  2 harpy skeletons
  6 hornets
  2 culicivora zombies (Crypt:2)
  7 dream sheep (Shoals:1)
  Grinder (D:2)
  20 blink frogs
  An iron dragon simulacrum (Coc:2)
  3 stone giant simulacra
  4 raiju (Lair:5)
  A glass eye (Depths:4)
  A hydra skeleton (Hell)
  7 snapping turtles
  A fire dragon zombie (Crypt:3)
  A black mamba zombie (Tomb:3)
  59 flying skulls
  A centaur simulacrum (Coc:2)
  Sigmund (D:3)
  A guardian serpent skeleton (Crypt:1)
  16 slime creatures
  A fire dragon skeleton (Hell)
  An air elemental (Elf:1)
  An ettin skeleton (Crypt:1)
  12 water elementals
  42 yaks
  13 wraiths
  A shadow (D:10)
  Eustachio (D:4)
  15 dire elephant simulacra
  27 ushabtiu
  9 basilisks
  An alligator snapping turtle simulacrum (Coc:1)
  3 fire elementals
  3 steam dragons
  22 wyverns
  5 redbacks
  4 vampire mosquitoes (D:13)
  A redback (shapeshifter) (Vaults:5)
  A chaos spawn (Depths:3)
  Menkaure (D:4)
  37 nagas
  2 sea snake simulacra (Hell)
  A swamp worm (shapeshifter) (Vaults:2)
  A neqoxec (Zot:1)
  7 wargs
  10 minotaur simulacra
  23 harpy simulacra
  A deep troll skeleton (Crypt:2)
  An acid dragon (D:9)
  26 water moccasins
  25 hell hounds
  2 hydra simulacra
  20 orc warriors
  12 black bears
  2 ettin simulacra
  An ice beast (D:8)
  7 sky beasts
  A cane toad skeleton (Crypt:1)
  18 centaurs
  37 ogres
  3 boggarts (Gauntlet)
  33 wolves
  A swamp dragon skeleton (Crypt:1)
  A torpor snail zombie (Crypt:2)
  A phantom (D:5)
  3 lemures (D:6)
  6 kobold brigands
  5 necrophages
  5 earth elementals
  Blork the orc (D:5)
  12 bullfrogs
  2 gnoll sergeants
  A scorpion (D:6)
  8 deep troll simulacra
  8 wights
  A lindwurm simulacrum (IceCv)
  9 killer bees
  A polar bear skeleton (Crypt:2)
  3 electric eels
  3 howler monkeys
  4 jellies
  A basilisk zombie (Crypt:2)
  3 hounds
  2 gnoll boudas
  17 orc priests
  2 sleepcaps
  Jessica (D:3)
  2 iguanas
  18 orc wizards
  23 hell rats
  A sky beast zombie (Crypt:1)
  An acid dragon skeleton (Crypt:1)
  3 naga skeletons
  33 mummies
  9 adders
  21 gnolls
  A river rat (D:9)
  A shadow imp (D:6)
  4 white imps
  A lava snake zombie (Crypt:1)
  2 worms
  3 dart slugs
  55 orcs
  2 ball pythons
  12 endoplasms
  4 giant cockroaches
  4 goblins
  9 hobgoblins
  7 jackals
  24 kobolds
  9 quokkas
  5 bats
  2 frilled lizards
  9 rats
  2 tentacles (Shoals:4)
2951 creatures vanquished.

Vanquished Creatures (collateral kills)
  Saint Roka (Orc:2)
  A tentacled monstrosity (Vaults:4)
  2 vault wardens (Vaults:4)
  An ironbound preserver (Vaults:4)
  An eleionoma (shapeshifter) (Vaults:4)
  A dire elephant (Vaults:4)
  A yaktaur captain (Vaults:4)
  A two-headed ogre (Orc:2)
  3 deep trolls (Vaults:4)
  13 yaktaurs (Vaults:4)
  An orc warrior (Orc:2)
  A boulder (D:10)
27 creatures vanquished.

Vanquished Creatures (others)
  A shard shrike (Coc:5)
  A quicksilver dragon (Zot:3)
  2 draconian shifters (Zot:3)
  A draconian scorcher (Zot:3)
  A green draconian (Zot:3)
  2 yellow draconians (Zot:3)
  7 red draconians (Zot:3)
  2 white draconians (Zot:3)
  A merfolk aquamancer (Shoals:4)
  A centaur simulacrum (Coc:2)
  2 boulders
  A creeping inferno (Geh:2)
  A fire vortex (Geh:2)
  20 tentacles
43 creatures vanquished.

Grand Total: 3021 creatures vanquished

Notes
Turn   | Place    | Note
-------+----------+-------------------------------------------
     0 | D:1      | Lobster4 the Gargoyle Earth Elementalist began the quest
                  | for the Orb.
     0 | D:1      | Reached XP level 1. HP: 10/10 MP: 3/3
   202 | D:1      | Reached XP level 2. HP: 16/16 MP: 0/5
   270 | D:1      | Learned a level 2 spell: Passwall
   670 | D:1      | Reached skill level 1 in Transmutations
  1061 | D:1      | Reached XP level 3. HP: 19/20 MP: 6/6
  1108 | D:1      | Learned a level 3 spell: Stone Arrow
  1166 | D:2      | Reached skill level 1 in Fighting
  1283 | D:2      | Identified the +1 dagger "Keythris" {heavy, Dex+2}
  1641 | D:2      | Reached XP level 4. HP: 25/25 MP: 4/7
  1673 | D:2      | Reached skill level 1 in Conjurations
  1815 | D:2      | Found a faded altar of an unknown god.
  2049 | D:3      | Noticed Grinder
  2212 | D:3      | Reached skill level 1 in Armour
  2244 | D:3      | You fall into a shaft and drop 3 floors!
  2259 | D:6      | Reached XP level 5. HP: 30/30 MP: 5/8
  2345 | D:6      | Noticed an ogre
  2393 | D:6      | Noticed a steam dragon
  2494 | D:5      | Entered Level 5 of the Dungeon
  2494 | D:5      | Noticed an ogre
  2654 | D:4      | HP: 1/30 [gnoll/+0 flail (3)]
  2716 | D:4      | Reached skill level 5 in Earth Magic
  2874 | D:4      | Reached XP level 6. HP: 35/35 MP: 6/10
  2930 | D:4      | Found a glowing drain.
  2942 | Sewer    | Entered a sewer
  3019 | Sewer    | Noticed a water moccasin
  3032 | Sewer    | Killed a water moccasin
  3116 | D:4      | Noticed Menkaure
  3127 | D:3      | Noticed Sigmund
  3138 | D:3      | Killed Sigmund
  3139 | D:3      | Reached XP level 7. HP: 30/40 MP: 6/11
  3300 | D:3      | Noticed Jessica
  3312 | D:3      | Killed Jessica
  4129 | D:4      | Noticed Eustachio
  4344 | D:4      | Killed Menkaure
  4345 | D:4      | Reached skill level 1 in Staves
  4345 | D:4      | Reached XP level 8. HP: 44/44 MP: 5/13
  4766 | D:5      | Reached skill level 5 in Conjurations
  4907 | D:5      | Found a broken altar of Ashenzari.
  4910 | D:5      | Found a burning altar of Makhleb.
  4913 | D:5      | Found an ornate altar of the Wu Jian Council.
  4975 | D:5      | Noticed Blork the orc
  5045 | D:5      | Noticed Prince Ribbit
  5061 | D:5      | Killed Prince Ribbit
  5413 | D:5      | Reached XP level 9. HP: 48/48 MP: 8/15
  5650 | D:5      | Killed Blork the orc
  5792 | D:2      | Killed Grinder
  6055 | D:4      | Killed Eustachio
  6578 | D:6      | Noticed Pikel
  7085 | D:6      | Killed Pikel
  7086 | D:6      | Reached skill level 5 in Spellcasting
  7086 | D:6      | Reached skill level 1 in Evocations
  7216 | D:6      | Found Huyges's Antique Armour Boutique.
  7248 | D:6      | Identified the +0 hand axe "Pealyosa" {elec, Will- rCorr
                  | Int+3 Dex+4}
  7624 | D:6      | Reached XP level 10. HP: 56/56 MP: 7/17
  8012 | D:6      | Bought a helmet for 103 gold pieces
  8113 | D:7      | Found a staircase to the Ecumenical Temple.
  8125 | Temple   | Entered the Ecumenical Temple
  8138 | Temple   | Became a worshipper of Vehumet
  8258 | D:7      | Reached skill level 10 in Earth Magic
  8506 | D:7      | Reached * piety under Vehumet
  8506 | D:7      | Offered knowledge of Foxfire by Vehumet.
  8933 | D:8      | Identified the "Vucwema"
  8933 | D:8      | Identified the "Omiamien"
  8968 | D:8      | Learned a level 4 spell: Brom's Barrelling Boulder
  9008 | D:8      | Found a large runed translucent door.
  9066 | D:8      | Found a large runed translucent door.
  9066 | D:8      | Found a large runed translucent door.
  9073 | D:8      | Noticed a white ugly thing
  9073 | D:8      | Noticed a centaur warrior
  9140 | D:8      | Found a large runed translucent door.
  9189 | D:8      | Reached skill level 5 in Armour
  9323 | D:8      | Noticed Joseph
  9328 | D:8      | Noticed a two-headed ogre
  9365 | D:8      | Killed a two-headed ogre
  9368 | D:8      | Killed Joseph
  9369 | D:8      | Reached XP level 11. HP: 61/61 MP: 5/20
  9417 | D:8      | Noticed a two-headed ogre
  9420 | D:8      | Killed a two-headed ogre
  9552 | D:8      | Offered knowledge of Magic Dart by Vehumet.
  9554 | D:8      | Reached ** piety under Vehumet
  9630 | D:8      | Found a shimmering blue altar of Sif Muna.
  9728 | D:9      | Noticed a death yak
 10097 | D:9      | Noticed a death yak
 10100 | D:8      | Killed a death yak
 10143 | D:9      | Noticed a death yak
 10164 | D:8      | Killed a death yak
 10165 | D:8      | Reached skill level 10 in Conjurations
 10461 | D:9      | Killed a death yak
 10462 | D:9      | Reached skill level 5 in Dodging
 10701 | D:9      | Offered knowledge of Static Discharge by Vehumet.
 10737 | D:9      | Found a staircase to the Lair.
 10873 | D:10     | Entered Level 10 of the Dungeon
 10877 | D:10     | Noticed Amaemon
 10878 | D:10     | Reached *** piety under Vehumet
 11143 | D:10     | Found a staircase to the Orcish Mines.
 11288 | D:10     | Noticed a cyclops
 11298 | D:10     | Killed a cyclops
 11405 | D:10     | Killed Amaemon
 11452 | D:10     | Offered knowledge of Airstrike by Vehumet.
 11627 | D:10     | Learned a level 4 spell: Iskenderun's Mystic Blast
 11676 | D:10     | Reached XP level 12. HP: 66/66 MP: 9/22
 12026 | Lair:1   | Entered Level 1 of the Lair of Beasts
 12100 | Lair:1   | Found a gate leading to a gauntlet.
 12153 | Gauntlet | Entered a Gauntlet
 12153 | Gauntlet | Found a transporter.
 12153 | Gauntlet | Found a transporter.
 12159 | Gauntlet | Found a transporter.
 12171 | Gauntlet | Found a transporter.
 12188 | Gauntlet | Found the +15 Maxwell's patent armour {-Cast -Tele rElec
                  | Will+ rCorr}
 12188 | Gauntlet | Noticed a catoblepas
 12189 | Gauntlet | Found a transporter.
 12189 | Gauntlet | Found a transporter.
 12191 | Gauntlet | Found a transporter.
 12191 | Gauntlet | Found a transporter.
 12192 | Gauntlet | Found a transporter.
 12200 | Gauntlet | Noticed a hell beast
 12203 | Gauntlet | Found a transporter.
 12219 | Gauntlet | Found a transporter.
 12227 | Gauntlet | Found the ring of Shadows {Umbra +Inv Stlth+}
 12229 | Gauntlet | Found a transporter.
 12230 | Gauntlet | Noticed a great orb of eyes
 12244 | Gauntlet | Found a transporter.
 12264 | Gauntlet | Found a transporter.
 12314 | Gauntlet | Reached **** piety under Vehumet
 12383 | Gauntlet | Killed a catoblepas
 12601 | Gauntlet | Killed a hell beast
 12630 | Gauntlet | Identified the +0 cloak of Qazlal, Screaming {rElec rF+}
 12690 | Gauntlet | Found the +5 Storm Queen's Shield {shock, Fly rElec}
 12690 | Gauntlet | Identified the +5 chain mail of Axyxuf {rC+ Str+2}
 12690 | Gauntlet | Noticed a minotaur
 12697 | Gauntlet | Killed a minotaur
 12861 | Gauntlet | Identified the +4 scale mail of Tomorrow {rF+ rCorr Int+4
                  | SInv}
 12864 | Gauntlet | Identified the ring "Ofumeb" {Fire Str-4 Dex+5 Slay+3}
 12868 | Gauntlet | Identified a scroll of acquirement
 12868 | Gauntlet | Identified the "Piwiats" (You acquired it in a Gauntlet)
 12868 | Gauntlet | Acquired the Thoughts on the Spellbinding Ground
 12921 | Lair:1   | Noticed Nergalle
 12927 | Lair:1   | Killed Nergalle
 13148 | Lair:1   | Reached skill level 1 in Shields
 13793 | Lair:2   | Offered knowledge of Inner Flame by Vehumet.
 13867 | Lair:2   | Reached XP level 13. HP: 48/72 MP: 22/25
 14011 | Lair:2   | Reached skill level 5 in Fighting
 14090 | Lair:2   | Found a staircase to the Shoals.
 14181 | Lair:2   | Reached skill level 15 in Earth Magic
 14767 | Lair:3   | Reached ***** piety under Vehumet
 14878 | Lair:3   | Offered knowledge of Bombard by Vehumet.
 14886 | Lair:3   | Learned a level 6 spell: Bombard
 14932 | Lair:3   | Found a staircase to the Snake Pit.
 16345 | Lair:4   | Gained mutation: Your large and strong wings let you fly.
                  | [Gargoyle growth]
 16345 | Lair:4   | Reached XP level 14. HP: 78/78 MP: 27/27
 16423 | Lair:4   | Reached skill level 5 in Shields
 16951 | Lair:5   | Entered Level 5 of the Lair of Beasts
 17712 | Lair:5   | Acquired 796 gold pieces
 17873 | Lair:5   | Found a staircase to the Slime Pits.
 17874 | Lair:5   | Found a viscous altar of Jiyva.
 17909 | Lair:5   | Offered knowledge of Flame Wave by Vehumet.
 18019 | Lair:5   | Reached skill level 15 in Conjurations
 19115 | Lair:5   | Reached XP level 15. HP: 84/84 MP: 18/28
 19981 | D:8      | Learned a level 5 spell: Borgnjor's Vile Clutch
 20091 | Orc:1    | Entered Level 1 of the Orcish Mines
 20350 | Orc:1    | Reached ****** piety under Vehumet
 20629 | Orc:2    | Entered Level 2 of the Orcish Mines
 20822 | Orc:2    | Found a staircase to the Elven Halls.
 20825 | Orc:2    | Offered knowledge of Starburst by Vehumet.
 20887 | Orc:2    | Noticed Saint Roka
 21390 | Orc:2    | Noticed Erolcha
 21423 | Orc:2    | Killed Erolcha
 21424 | Orc:2    | Reached skill level 1 in Necromancy
 21501 | Orc:2    | Reached skill level 10 in Spellcasting
 21819 | Orc:2    | Noticed Rupert
 22398 | D:11     | Noticed Harold
 22404 | D:11     | Killed Harold
 23463 | D:12     | Noticed Josephine
 23479 | D:12     | Killed Josephine
 23862 | D:13     | Noticed Sonja
 23867 | D:13     | Killed Sonja
 24283 | D:13     | Found a gate to the Vaults.
 24917 | D:14     | Found a blossoming altar of Fedhas.
 25372 | D:15     | Entered Level 15 of the Dungeon
 25395 | D:15     | Found a frozen archway.
 25408 | D:15     | Offered knowledge of Lee's Rapid Deconstruction by Vehumet.
 25414 | D:15     | Reached XP level 16. HP: 55/92 MP: 8/30
 25421 | D:15     | Learned a level 5 spell: Lee's Rapid Deconstruction
 25589 | IceCv    | Entered an ice cave
 26351 | IceCv    | Offered knowledge of Iskenderun's Battlesphere by Vehumet.
 26641 | IceCv    | Found the +4 skin of Zhor {*Englaciate rC+++ SInv}
 26821 | D:15     | Found Inorrule's Distillery.
 27762 | D:15     | Found a staircase to the Depths.
 28238 | Shoals:1 | Entered Level 1 of the Shoals
 28791 | Shoals:1 | Identified the +0 leather armour of the Invisible Hand
                  | {rElec rN++ Will- Stlth+}
 29268 | Shoals:1 | Offered knowledge of Yara's Violent Unravelling by Vehumet.
 29533 | Shoals:1 | Reached XP level 17. HP: 87/96 MP: 32/32
 30579 | Shoals:2 | Found Wofeer's Armour Emporium.
 32097 | Shoals:4 | Identified the of Vusudydo
 32097 | Shoals:4 | Entered Level 4 of the Shoals
 32232 | Shoals:4 | Offered knowledge of Plasma Beam by Vehumet.
 32871 | Shoals:4 | Found an ornate altar of the Wu Jian Council.
 32880 | Shoals:4 | Reached skill level 10 in Shields
 33645 | Shoals:4 | Noticed a kraken
 33896 | Shoals:4 | Killed a kraken
 33904 | Shoals:4 | Got a barnacled rune of Zot
 34364 | Orc:1    | Learned a level 8 spell: Lehudib's Crystal Spear
 34377 | Orc:2    | Killed Saint Roka
 34679 | Orc:2    | Killed Rupert
 34729 | Orc:2    | Reached XP level 18. HP: 103/103 MP: 25/33
 34947 | Orc:2    | Found Bat Devo's Antique Weapon Shop.
 34948 | Orc:2    | Found Qecrozij's Antique Armour Emporium.
 34948 | Orc:2    | Found Lasidio's Antique Weapon Boutique.
 34948 | Orc:2    | Found Cowug's Jewellery Emporium.
 35569 | Snake:1  | Entered Level 1 of the Snake Pit
 36001 | Snake:1  | Found a white marble altar of Elyvilon.
 36028 | Snake:1  | Offered knowledge of Fire Storm by Vehumet.
 36028 | Snake:1  | Offered knowledge of Shatter by Vehumet.
 36028 | Snake:1  | Offered knowledge of Chain Lightning by Vehumet.
 38677 | Snake:4  | Entered Level 4 of the Snake Pit
 39648 | Snake:4  | Reached XP level 19. HP: 89/108 MP: 18/35
 40927 | Snake:4  | Got a serpentine rune of Zot
 41386 | Depths:2 | Identified the of Ytwidim
 41386 | Elf:1    | Identified the "Romet"
 41386 | Elf:1    | Entered Level 1 of the Elven Halls
 41657 | Elf:1    | Identified the +4 rapier "Safy" {flame, rElec}
 42750 | Elf:2    | Found Bus Bani's Weapon Emporium.
 42926 | Elf:2    | Found a runed translucent gate.
 42926 | Elf:2    | Found a runed translucent gate.
 42926 | Elf:2    | Found a runed translucent gate.
 43005 | Elf:2    | Reached skill level 10 in Fighting
 43651 | Elf:2    | Reached XP level 20. HP: 117/117 MP: 30/36
 44329 | Elf:3    | Identified the of Decarid
 44329 | Elf:3    | Identified the "Zucrugulo"
 44329 | Elf:3    | Identified the "Oral"
 44329 | Elf:3    | Entered Level 3 of the Elven Halls
 45694 | Elf:3    | Noticed Norris
 45717 | Elf:3    | Killed Norris
 46237 | Elf:3    | Identified the ring "Ysoif" {rC+ Will+ rCorr Int+4 Slay-6}
 46346 | Elf:3    | Identified the +5 mace of Grandeur {flame, Will+}
 46356 | Elf:3    | Found the +9 staff of Olgreb {rPois∞}
 46379 | Elf:3    | Identified the +8 rapier of Oozing Pus {freeze, Str+6}
 46381 | Elf:3    | Identified the +5 hand axe of Ru's Vengeance {freeze, *Slow
                  | Will++}
 46756 | Vaults:1 | Entered Level 1 of the Vaults
 47061 | Vaults:1 | Reached skill level 10 in Dodging
 47485 | Vaults:1 | Found Igorr's Distillery.
 47495 | Vaults:1 | Bought a potion of brilliance for 40 gold pieces
 47495 | Vaults:1 | Bought a potion of brilliance for 40 gold pieces
 47495 | Vaults:1 | Bought a potion of brilliance for 40 gold pieces
 47643 | Vaults:1 | Reached XP level 21. HP: 122/122 MP: 16/38
 47691 | Vaults:1 | Found Tyolo's Book Boutique.
 47721 | Vaults:1 | Found Syfeol's Magic Scroll Boutique.
 47797 | Vaults:1 | Found Neapok's Assorted Antiques.
 47803 | Vaults:1 | Bought a brown potion for 36 gold pieces
 48399 | Vaults:2 | Found a staircase to the Crypt.
 48849 | Vaults:2 | Identified the staff "Liluomi" {rC+ MP+9 Ice}
 48860 | Vaults:2 | Learned a level 9 spell: Shatter
 49341 | Vaults:2 | Noticed Zenata
 49344 | Vaults:2 | Killed Zenata
 49939 | Vaults:2 | Identified the granite talisman of Xuavidwe {Dex+3}
 49967 | Vaults:2 | Found Fiffuzye's Weapon Shop.
 50045 | Vaults:2 | Found a runed translucent door.
 50045 | Vaults:2 | Noticed Woitib's ghost (adept GrFE)
 50067 | Vaults:2 | Killed Woitib's ghost
 50110 | Vaults:3 | Paralysed by a sphinx for 4 turns
 50188 | Vaults:3 | Noticed Nikola
 50197 | Vaults:3 | Killed Nikola
 50613 | Vaults:3 | You are sucked into a shaft and drop 1 floor!
 50733 | Vaults:4 | Found a flickering gateway to a bazaar.
 50744 | Bazaar   | Entered a bazaar
 50744 | Bazaar   | Found Qekudgh's Book Emporium.
 50756 | Bazaar   | Found Vakhi's Antique Armour Shoppe.
 50762 | Bazaar   | Found Toycker's Antique Weapon Shop.
 50768 | Bazaar   | Found Mippenee's Antique Armour Emporium.
 50833 | Bazaar   | Bought a pair of runed boots for 292 gold pieces
 51340 | Vaults:3 | Reached XP level 22. HP: 127/127 MP: 24/40
 52009 | Vaults:3 | Noticed Bai Suzhen
 52014 | Vaults:3 | Killed Bai Suzhen
 53339 | Vaults:4 | Found a portal to a secret trove of treasure.
 53536 | Vaults:4 | Reached skill level 15 in Spellcasting
 54089 | Crypt:1  | Entered Level 1 of the Crypt
 55014 | Crypt:2  | Noticed Mennas
 55163 | Crypt:2  | Reached XP level 23. HP: 132/132 MP: 11/42
 55786 | Crypt:2  | Identified the +5 dagger of the Everdark {heavy, rF+}
 55818 | Crypt:2  | Identified the +7 dagger "Bapoag" {chaos, Stlth+}
 55990 | Crypt:3  | Entered Level 3 of the Crypt
 56657 | Crypt:3  | Noticed a dread lich
 56660 | Crypt:3  | Killed a dread lich
 56966 | Crypt:3  | Reached skill level 27 in Earth Magic
 57671 | Crypt:3  | Found a staircase to the Tomb.
 57761 | Crypt:3  | Found a basalt altar of Yredelemnul.
 58080 | Depths:1 | Entered Level 1 of the Depths
 58130 | Depths:1 | Identified the serpent talisman "Boelotaf" {rElec Str-5
                  | Dex+3 Stlth+}
 58130 | Depths:1 | Noticed Aizul
 58133 | Depths:1 | Killed Aizul
 58275 | Depths:1 | Found Fual Myg's Assorted Antiques.
 58276 | Depths:1 | Found Peun's Distillery.
 58277 | Depths:1 | Found Qiucruw's Antique Armour Emporium.
 58281 | Depths:1 | Bought a potion of haste for 220 gold pieces
 58281 | Depths:1 | Bought 2 potions of heal wounds for 220 gold pieces
 58281 | Depths:1 | Bought 2 potions of lignification for 132 gold pieces
 58281 | Depths:1 | Bought a potion of heal wounds for 110 gold pieces
 58281 | Depths:1 | Bought a potion of haste for 220 gold pieces
 58282 | Depths:1 | Found Sekus's General Store.
 58285 | Depths:1 | Bought a potion of lignification for 102 gold pieces
 58289 | Depths:1 | Bought a bloodstained ring mail for 288 gold pieces
 58289 | Depths:1 | Identified the +5 ring mail "Qobe" {Harm Str+3} (You bought
                  | it in a shop on level 1 of the Depths)
 58292 | Depths:1 | Bought a pair of runed gloves for 240 gold pieces
 58308 | Depths:1 | Identified the amulet "Etorubb" {Spirit rC- SInv Stlth+}
 58321 | Depths:1 | Found a gateway to Hell.
 58333 | Depths:1 | Noticed Sojobo
 58369 | Depths:1 | Paralysed by an air elemental for 1 turns
 58377 | Depths:1 | Paralysed by an air elemental for 1 turns
 58379 | Depths:1 | Paralysed by an air elemental for 1 turns
 58463 | Depths:1 | Killed Sojobo
 58811 | Depths:1 | Found a broken altar of Ashenzari.
 58847 | Depths:1 | Found a one-way gate to the infinite horrors of the Abyss.
 58895 | Depths:1 | Found a runed translucent door.
 59162 | Depths:1 | Found Zifoil's Tremendous Tomes.
 59516 | Depths:1 | Found a runed translucent door.
 59532 | Depths:1 | Reached XP level 24. HP: 137/137 MP: 43/43
 59938 | Depths:2 | Noticed Mara
 59941 | Depths:2 | Killed Mara
 60010 | Depths:2 | Found Xuveosur's Weapon Emporium.
 60186 | Depths:2 | Identified the ring "Etoy" {rPois AC+4 Str+3 Dex+3 Stlth+}
 60190 | Depths:2 | Identified the ring of the Bruised Xalams {Fly rF+ Str+7
                  | Slay-5 Stlth-}
 60403 | Depths:2 | Reached skill level 5 in Necromancy
 60593 | Depths:2 | Found Feopneeps's Jewellery Emporium.
 60693 | Depths:2 | Identified the amulet "Vele" {RegenMP rCorr Int+4}
 60705 | Depths:2 | Identified the ring of Vehumet's Hatred {rCorr EV+5}
 60887 | Depths:2 | Found a one-way gate leading to the halls of Pandemonium.
 61189 | Depths:3 | Noticed Louise
 61218 | Depths:3 | Killed Louise
 61886 | Depths:3 | Reached skill level 27 in Conjurations
 62317 | Vaults:4 | You paid a toll of +2 ice dragon scales to enter a treasure
                  | trove
 62318 | Trove    | Entered a treasure trove
 62395 | Trove    | Identified the ring "Besmoum" {*Slow rN+ MP+9 SInv}
 62419 | Trove    | Found the +18 shield of the Gong {Loud rN+ Will+ rCorr
                  | EV-5}
 62424 | Trove    | Identified the +0 leather armour of an ice cave {Dex+2}
 62426 | Trove    | Identified the +9 lajatang of Wolenk {venom, rF+}
 62430 | Trove    | Identified the ring of Lugonu, Witching {Fire rPois Will++
                  | rCorr Int-5}
 62911 | Depths:3 | Learned a level 7 spell: Orb of Destruction
 63112 | Depths:3 | Noticed a juggernaut
 63123 | Depths:3 | Killed a juggernaut
 63359 | Depths:3 | Found a one-way gateway to a ziggurat.
 63899 | Depths:2 | Identified the +0 quarterstaff "Dokkij" {freeze, rN+ SInv}
 63947 | Depths:4 | Entered Level 4 of the Depths
 64017 | Depths:4 | Reached XP level 25. HP: 111/141 MP: 13/44
 64823 | Depths:4 | Found a gate to the Realm of Zot.
 64876 | Depths:4 | Found a bloodstained altar of Trog.
 65268 | Vaults:5 | Entered Level 5 of the Vaults
 65408 | Vaults:5 | Identified the +5 orcbow "Murmur" {antimagic, rPois Str+3}
 65504 | Vaults:5 | Noticed a dread lich
 65507 | Vaults:5 | Killed a dread lich
 65513 | Vaults:5 | Reached XP level 26. HP: 147/147 MP: 16/48
 65887 | Vaults:5 | Identified the +4 rapier of the Vanishing Beasts {venom,
                  | MP+9}
 65991 | Vaults:5 | Identified the +6 great mace "Reclipom" {freeze, Str+5}
 66162 | Vaults:5 | Got a silver rune of Zot
 66176 | Vaults:5 | Identified the +0 mace "Tur Hit" {freeze, rCorr Str+4}
 66233 | Vaults:5 | Identified the +5 falchion of the Chain {freeze, rC+}
 66360 | Vaults:5 | Identified the +0 trident of the Ghost {holy, rC+}
 67116 | Depths:1 | Bought Ores's Opusculum on Snowy Direction for 1184 gold
                  | pieces
 67122 | Depths:1 | Learned a level 5 spell: Freezing Cloud
 67216 | Zot:1    | Entered Level 1 of the Realm of Zot
 67293 | Zot:1    | Reached skill level 1 in Ice Magic
 67305 | Zot:1    | Noticed an orb of fire
 67318 | Zot:1    | Reached skill level 1 in Air Magic
 67319 | Zot:1    | Gained mutation: You are frail. (-10% HP) [an orb of fire]
 67320 | Zot:1    | Killed an orb of fire
 67925 | Zot:1    | Acquired the +10 tower shield of Ignorance {rN+ Int-4}
 67925 | Zot:1    | Found the +10 tower shield of Ignorance {rN+ Int-4}
 68703 | Zot:2    | Noticed an ancient lich
 68708 | Zot:2    | Killed an ancient lich
 68720 | Zot:2    | Noticed a Killer Klown
 68804 | Zot:2    | Killed a Killer Klown
 69165 | Zot:2    | Noticed an orb of fire
 69864 | Zot:2    | Noticed an orb of fire
 69866 | Zot:2    | Killed an orb of fire
 70479 | Zot:2    | Killed an orb of fire
 70480 | Zot:2    | Noticed an orb of fire
 70490 | Zot:2    | Gained mutation: Your spells are a little easier to cast,
                  | but a little less powerful. [an orb of fire]
 70493 | Zot:2    | Gained mutation: You are occasionally teleported next to
                  | monsters. [an orb of fire]
 70498 | Zot:2    | Gained mutation: You are dopey. (Int -2) [an orb of fire]
 70777 | Zot:1    | Lost mutation: You are dopey. (Int -2) [potion of mutation]
 70777 | Zot:1    | Lost mutation: You are frail. (-10% HP) [potion of
                  | mutation]
 70777 | Zot:1    | Lost mutation: Your spells are a little easier to cast, but
                  | a little less powerful. [potion of mutation]
 70777 | Zot:1    | Gained mutation: You occasionally lose the ability to drink
                  | potions when taking damage. [potion of mutation]
 70778 | Zot:1    | Lost mutation: You are occasionally teleported next to
                  | monsters. [potion of mutation]
 70778 | Zot:1    | Lost mutation: You occasionally lose the ability to drink
                  | potions when taking damage. [potion of mutation]
 70778 | Zot:1    | Gained mutation: You have a pair of small horns on your
                  | head. [potion of mutation]
 70778 | Zot:1    | Gained mutation: You have hidden genetic potential. [potion
                  | of mutation]
 70778 | Zot:1    | Gained mutation: Your flesh is heat resistant. (rF+)
                  | [potion of mutation]
 70996 | Zot:2    | Gained mutation: You are dopey. (Int -2) [an orb of fire]
 70997 | Zot:2    | Gained mutation: Your body sometimes deteriorates upon
                  | taking damage. [an orb of fire]
 70998 | Zot:2    | Killed an orb of fire
 71390 | Zot:2    | Reached XP level 27. HP: 150/155 MP: 32/50
 71720 | Zot:3    | Identified the +5 whip "Jugrau" {flame, SInv}
 72761 | Zot:3    | Noticed an orb of fire
 73089 | Zot:4    | Noticed an orb of fire
 73100 | Zot:4    | Killed an orb of fire
 73526 | Zot:4    | Identified the +9 trident of the Equinox {heavy, rF+}
 74057 | Zot:5    | Entered Level 5 of the Realm of Zot
 75377 | Zot:5    | Gained mutation: Your muscles are strong. (Str +4, Int/Dex
                  | -1) [hidden potential]
 75760 | Zot:5    | Noticed a dread lich
 75765 | Zot:5    | Killed a dread lich
 75774 | Zot:5    | Noticed a dread lich
 75776 | Zot:5    | Killed a dread lich
 75822 | Zot:5    | Noticed a dread lich
 75825 | Zot:5    | Killed a dread lich
 76056 | Zot:5    | Noticed an orb of fire
 76058 | Zot:5    | Gained mutation: Your body often deteriorates upon taking
                  | damage. [an orb of fire]
 76060 | Zot:5    | Killed an orb of fire
 76208 | Zot:5    | Noticed an orb of fire
 76208 | Zot:5    | Gained mutation: Armour fits poorly on your strangely
                  | shaped body. [an orb of fire]
 76215 | Zot:5    | Killed an orb of fire
 76293 | Zot:5    | Noticed an ancient lich
 76304 | Zot:5    | Killed an ancient lich
 76312 | Zot:5    | Reached skill level 27 in Spellcasting
 76834 | Zot:5    | Noticed a dread lich
 77404 | Zot:5    | Killed a dread lich
 77452 | Zot:5    | Lost mutation: You are dopey. (Int -2) [potion of mutation]
 77452 | Zot:5    | Lost mutation: Your body often deteriorates upon taking
                  | damage. [potion of mutation]
 77452 | Zot:5    | Gained mutation: You sometimes lose your temper in combat.
                  | [potion of mutation]
 77452 | Zot:5    | Gained mutation: You have sharp toenails. [potion of
                  | mutation]
 77453 | Zot:5    | Lost mutation: You have hidden genetic potential. [potion
                  | of mutation]
 77453 | Zot:5    | Lost mutation: Your flesh is heat resistant. (rF+) [potion
                  | of mutation]
 77453 | Zot:5    | Lost mutation: You have a pair of small horns on your head.
                  | [potion of mutation]
 77453 | Zot:5    | Lost mutation: Your muscles are strong. (Str +4, Int/Dex
                  | -1) [potion of mutation]
 77453 | Zot:5    | Gained mutation: You have razor-sharp toenails. [potion of
                  | mutation]
 77453 | Zot:5    | Gained mutation: You are vulnerable to heat. (rF-) [potion
                  | of mutation]
 77453 | Zot:5    | Gained mutation: Your spells are a little harder to cast,
                  | but a little more powerful. [potion of mutation]
 77454 | Zot:5    | Lost mutation: You have razor-sharp toenails. [potion of
                  | mutation]
 77454 | Zot:5    | Lost mutation: You have sharp toenails. [potion of
                  | mutation]
 77454 | Zot:5    | Lost mutation: Your body sometimes deteriorates upon taking
                  | damage. [potion of mutation]
 77454 | Zot:5    | Gained mutation: Your magical capacity is low. (-10% MP)
                  | [potion of mutation]
 77454 | Zot:5    | Gained mutation: You expend magic power (3 MP) to
                  | strengthen your wands. [potion of mutation]
 77454 | Zot:5    | Gained mutation: You are dopey. (Int -2) [potion of
                  | mutation]
 77455 | Zot:5    | Lost mutation: You are dopey. (Int -2) [potion of mutation]
 77455 | Zot:5    | Lost mutation: You sometimes lose your temper in combat.
                  | [potion of mutation]
 77455 | Zot:5    | Lost mutation: Your spells are a little harder to cast, but
                  | a little more powerful. [potion of mutation]
 77455 | Zot:5    | Gained mutation: You possess an exceptional clarity of
                  | mind. [potion of mutation]
 77456 | Zot:5    | Lost mutation: Armour fits poorly on your strangely shaped
                  | body. [potion of mutation]
 77456 | Zot:5    | Lost mutation: You possess an exceptional clarity of mind.
                  | [potion of mutation]
 77456 | Zot:5    | Lost mutation: You are vulnerable to heat. (rF-) [potion of
                  | mutation]
 77456 | Zot:5    | Gained mutation: You are frail. (-10% HP) [potion of
                  | mutation]
 77456 | Zot:5    | Gained mutation: You are partially covered in iridescent
                  | scales. (AC +2) [potion of mutation]
 77456 | Zot:5    | Gained mutation: You have sharp toenails. [potion of
                  | mutation]
 77920 | Slime:5  | Identified the "Ahen Qumm"
 77920 | Slime:5  | Identified the of Hidefopi
 77920 | Slime:5  | Identified the of Cagycel
 77920 | Tomb:1   | Entered Level 1 of the Tomb of the Ancients
 78598 | Tomb:1   | Noticed a royal mummy
 78601 | Tomb:1   | Noticed a royal mummy
 78602 | Tomb:1   | Noticed a royal mummy
 78602 | Tomb:1   | Noticed a royal mummy
 78602 | Tomb:1   | Noticed a royal mummy
 78603 | Tomb:1   | Noticed a royal mummy
 78604 | Tomb:1   | Killed a royal mummy
 78604 | Tomb:1   | Noticed a royal mummy
 78604 | Tomb:1   | Noticed a royal mummy
 78606 | Tomb:1   | Killed a royal mummy
 78606 | Tomb:1   | Killed a royal mummy
 78607 | Tomb:1   | Reached skill level 10 in Armour
 78607 | Tomb:1   | Killed a royal mummy
 78607 | Tomb:1   | Killed a royal mummy
 78607 | Tomb:1   | Killed a royal mummy
 78607 | Tomb:1   | Killed a royal mummy
 78607 | Tomb:1   | Killed a royal mummy
 78835 | Tomb:1   | Noticed a royal mummy
 78875 | Tomb:1   | Killed a royal mummy
 79049 | Tomb:1   | Noticed a royal mummy
 79050 | Tomb:1   | Noticed a royal mummy
 79052 | Tomb:1   | Noticed a royal mummy
 79055 | Tomb:1   | Noticed a royal mummy
 79056 | Tomb:1   | Killed a royal mummy
 79057 | Tomb:1   | Killed a royal mummy
 79058 | Tomb:1   | Killed a royal mummy
 79058 | Tomb:1   | Killed a royal mummy
 79062 | Tomb:1   | Noticed a royal mummy
 79066 | Tomb:1   | Killed a royal mummy
 79067 | Tomb:1   | Noticed a royal mummy
 79071 | Tomb:1   | Killed a royal mummy
 79444 | Tomb:1   | Noticed a royal mummy
 79448 | Tomb:1   | Killed a royal mummy
 79489 | Tomb:1   | Noticed a royal mummy
 79497 | Tomb:1   | Killed a royal mummy
 79498 | Tomb:1   | Reached skill level 15 in Shields
 79934 | Tomb:2   | Noticed a royal mummy
 79937 | Tomb:2   | Gained mutation: Your magical capacity is very low. (-20%
                  | MP) [mutagenic glow]
 79942 | Tomb:2   | Noticed a royal mummy
 79944 | Tomb:2   | Noticed a royal mummy
 79956 | Tomb:1   | Gained mutation: You occasionally lose the ability to read
                  | scrolls when taking damage. [mutagenic glow]
 80235 | Tomb:1   | Lost mutation: Your magical capacity is very low. (-20% MP)
                  | [potion of mutation]
 80235 | Tomb:1   | Lost mutation: Your magical capacity is low. (-10% MP)
                  | [potion of mutation]
 80235 | Tomb:1   | Lost mutation: You have sharp toenails. [potion of
                  | mutation]
 80235 | Tomb:1   | Gained mutation: You are mostly covered in iridescent
                  | scales. (AC +4) [potion of mutation]
 80236 | Tomb:1   | Lost mutation: You expend magic power (3 MP) to strengthen
                  | your wands. [potion of mutation]
 80236 | Tomb:1   | Lost mutation: You are frail. (-10% HP) [potion of
                  | mutation]
 80236 | Tomb:1   | Lost mutation: You are mostly covered in iridescent scales.
                  | (AC +4) [potion of mutation]
 80236 | Tomb:1   | Gained mutation: You sometimes lose your temper in combat.
                  | [potion of mutation]
 80236 | Tomb:1   | Gained mutation: You are agile. (Dex +4, Str/Int -1)
                  | [potion of mutation]
 80236 | Tomb:1   | Gained mutation: You have supernaturally acute eyesight.
                  | (SInv) [potion of mutation]
 80237 | Tomb:1   | Lost mutation: You are agile. (Dex +4, Str/Int -1) [potion
                  | of mutation]
 80237 | Tomb:1   | Lost mutation: You have supernaturally acute eyesight.
                  | (SInv) [potion of mutation]
 80237 | Tomb:1   | Lost mutation: You sometimes lose your temper in combat.
                  | [potion of mutation]
 80237 | Tomb:1   | Gained mutation: You occasionally shout uncontrollably at
                  | your foes. [potion of mutation]
 80237 | Tomb:1   | Gained mutation: Your movements are slightly less
                  | encumbered by armour. (ER -2) [potion of mutation]
 80237 | Tomb:1   | Gained mutation: You are weak. (Str -2) [potion of
                  | mutation]
 80506 | Vaults:1 | Bought a potion of mutation for 80 gold pieces
 80506 | Vaults:1 | Lost mutation: You occasionally lose the ability to read
                  | scrolls when taking damage. [potion of mutation]
 80506 | Vaults:1 | Lost mutation: You occasionally shout uncontrollably at
                  | your foes. [potion of mutation]
 80506 | Vaults:1 | Lost mutation: You are partially covered in iridescent
                  | scales. (AC +2) [potion of mutation]
 80506 | Vaults:1 | Lost mutation: You are weak. (Str -2) [potion of mutation]
 80506 | Vaults:1 | Gained mutation: Your mind is acute. (Int +4, Str/Dex -1)
                  | [potion of mutation]
 80506 | Vaults:1 | Gained mutation: You have a pair of small horns on your
                  | head. [potion of mutation]
 81026 | Tomb:2   | Noticed a royal mummy
 81028 | Tomb:2   | Killed a royal mummy
 81029 | Tomb:2   | Killed a royal mummy
 81029 | Tomb:2   | Killed a royal mummy
 81029 | Tomb:2   | Killed a royal mummy
 81033 | Tomb:2   | Reached skill level 15 in Fighting
 81485 | Tomb:2   | Acquired the ring of the Sun {Contam MP+9 Int+5 Dex+2}
 81487 | Tomb:2   | Identified the "Xaf Akuq" (You acquired it on level 2 of
                  | the Tomb of the Ancients)
 81487 | Tomb:2   | Acquired the +0 hat of Freedom {rF+ Str+4 Dex+2}
 81494 | Tomb:2   | Acquired a +2 pair of gloves of strength
 81908 | Tomb:3   | Identified the "Donwal"
 81908 | Tomb:3   | Entered Level 3 of the Tomb of the Ancients
 81925 | Tomb:3   | Noticed a royal mummy
 81925 | Tomb:3   | Noticed a royal mummy
 81929 | Tomb:3   | Killed a royal mummy
 81929 | Tomb:3   | Killed a royal mummy
 81931 | Tomb:3   | Noticed a royal mummy
 81934 | Tomb:3   | Killed a royal mummy
 81940 | Tomb:3   | Noticed a royal mummy
 81942 | Tomb:3   | Noticed a royal mummy
 81943 | Tomb:3   | Killed a royal mummy
 81945 | Tomb:3   | Killed a royal mummy
 82060 | Tomb:3   | Noticed a royal mummy
 82068 | Tomb:3   | Killed a royal mummy
 82248 | Tomb:3   | Noticed a royal mummy
 82253 | Tomb:3   | Killed a royal mummy
 82264 | Tomb:3   | Noticed a royal mummy
 82268 | Tomb:3   | Killed a royal mummy
 82519 | Tomb:3   | Identified the +7 orcbow of Jire Ogo {antimagic, *Corrode
                  | rPois rF+ Will+++}
 82522 | Tomb:3   | Identified the +9 dagger "Heasaun" {freeze, Dex+2}
 82523 | Tomb:3   | Identified the ring "Muguraci" {rF- rC+ Int+5 SInv}
 82528 | Tomb:3   | Identified the ring of Rofec {Int+3 Slay+4}
 82539 | Tomb:3   | Identified the staff of the Heavens {rPois rF+ rN+++ Str+2
                  | Dex-2 Fire}
 82554 | Tomb:3   | Identified the +9 arbalest "Emoamot" {freeze, Int+3}
 82557 | Tomb:3   | Identified the +2 ring mail of Okawaru's Castigation {rF+
                  | Int+5}
 82559 | Tomb:3   | Identified the +1 short sword "Umpochog" {heavy, Int+3}
 82572 | Tomb:3   | Identified the +4 hand cannon of Usche {flame, rElec rPois
                  | Will- Stlth+}
 82664 | Tomb:3   | Got a golden rune of Zot
 83174 | Hell     | Entered the Vestibule of Hell
 83174 | Hell     | Noticed Geryon
 83185 | Hell     | Killed Geryon
 83672 | Hell     | Found a gateway to the decaying netherworld of Tartarus.
 83742 | Hell     | Found a gateway to the ashen valley of Gehenna.
 83853 | Hell     | Found a gateway to the Iron City of Dis.
 83999 | Hell     | Found a gateway to the freezing wastes of Cocytus.
 84106 | Tar:7    | Identified the "Punok"
 84106 | Tar:7    | Identified the of Jisaig
 84106 | Geh:1    | Entered Level 1 of Gehenna
 85155 | Coc:1    | Entered Level 1 of Cocytus
 85807 | Coc:3    | Noticed an ancient lich
 85809 | Coc:3    | Killed an ancient lich
 87352 | Coc:7    | Entered Level 7 of Cocytus
 87456 | Coc:7    | Paralysed by a wendigo for 1 turns
 88918 | Tar:1    | Entered Level 1 of Tartarus
 89692 | Dis:1    | Entered Level 1 of the Iron City of Dis
 90602 | Zot:5    | Got the Orb of Zot
 90756 | Depths:3 | Noticed Putiq the pandemonium lord
 90805 | Depths:1 | Noticed Vocakadgh the pandemonium lord
 91136 | D:6      | Noticed Acazafal the pandemonium lord
 91209 | D:$      | Escaped with the Orb!

Illustrated notes

Levels and vault maps discovered:
D:1:      evilmike_arrival_hilbert_curve, layout_basic, serial_glass,
          glass_columns_c, glass_columns_a, item_on_display_a,
          due_unseen_surprise, minmay_misc_feat_plants
D:2:      layout_basic, shapermc_ecumenical_altar_mp_vishouse,
          kennysheep_cross_room, minmay_pentomino_q4
D:3:      layout_basic, chequers_serial_rivers_large_a,
          nicolae_elevator_lobby_plus, uniq_grinder, uniq_sigmund, uniq_jessica
D:4:      layout_basic, portal_sewer_entry_f, minmay_misc_feat_diagonals,
          uniq_eustachio, uniq_menkaure
D:5:      layout_cave_pools, grunt_temple_overflow_open, uniq_prince_ribbit1,
          uniq_blork_the_orc
D:6:      minmay_diamond_boxcup, layout_basic, serial_shops,
          nicolae_shop_hallway_stairs, uniq_pikel
D:7:      layout_loops_ring, minmay_temple_entry_large_hall, minivault_1,
          eino_jars
D:8:      layout_gridville, led_sif_book, minmay_hollow_rounded_squares,
          uniq_joseph
D:9:      layout_basic, dpeg_lair_monsters, library_closet
D:10:     layout_grid_maze, david_orc_2, kennysheep_generic_room_9, uniq_amaemon
D:11:     layout_big_octagon, uniq_harold
D:12:     layout_stronghold, uniq_josephine
D:13:     layout_cave_pools, hellmonk_vaults_attempted_burglary, uniq_sonja
D:14:     layout_roguey, fedhas_altar_fruit_tree
D:15:     hangedman_depths_entry_civil_slaughter, layout_basic,
          nicolae_hexahallways, portal_ice_cave_entry_ice_simulacra,
          serial_glass, glass_columns_a, glass_columns_b, glass_columns_a,
          glass_columns_c, serial_shops, shop_fountains,
          dreamdust_looks_like_rain
Temple:   dpeg_three_leaves_temple
Lair:1:   layout_regular_city, gauntlet_entry_generic, uniq_nergalle
Lair:2:   layout_loops_ring, nicolae_shoals_entry_roost, st_stairs_5,
          grunt_forest_stairs_basic, grunt_megastairs_4, serial_bayou_shore_b
Lair:3:   layout_loops_ring, alex1729_snake_entry_snake, special_room
          [special_room_mythical_zoo]
Lair:4:   layout_roguey, serial_bayou_shore_a, lemuel_fruit_tree,
          grunt_megastairs_3
Lair:5:   hangedman_lair_tendril_chambers, layout_regular_city,
          hangedman_lair_caniforms_friends, slime_entry_1,
          infiniplex_staircase_pool_2
Shoals:1: layout_shoals, nicolae_shoals_gull_way
Shoals:2: layout_shoals, serial_shops, nicolae_shop_advertising_works
          [nicolae_subvault_shop_adworks]
Shoals:3: layout_shoals, nicolae_shoals_land_atoll
Shoals:4: shoals_end_hangedman, layout_shoals, lemuel_centaur_altar
Snake:1:  layout_cave_pods, basic_altar, grunt_ministairs_6,
          nicolae_snake_gridmaze_squiggle, nicolae_large_snake_swirl
Snake:2:  layout_onion
Snake:3:  layout_honeycomb
Snake:4:  grunt_snake_rune_serpentine_throne, layout_cave_town, serial_bayou,
          serial_bayou_pond_c, serial_bayou_pond_d, serial_bayou_pond_e,
          serial_bayou_lagoon_a
Orc:1:    layout_diamond_mine, basic_altar
Orc:2:    st_orc_ogre_mass, layout_caves, uniq_rupert, uniq_erolcha,
          uniq_saint_roka
Elf:1:    nicolae_elf_arrival_fired_up, layout_loops_ring,
          kennysheep_underground_church
Elf:2:    nicolae_elf_blades_splatter_lattice [nicolae_blade_little_rooms],
          layout_gridlike, serial_shops, nicolae_shop_crystal, drop_trap
Elf:3:    elf_hall, layout_geoelf_diagonals, uniq_norris
Vaults:1: nicolae_vaults_little_ls, nicolae_vaults_heist, v_rooms_1,
          nicolae_vaults_little_squares_2, nicolae_vaults_closet_pinwheel_5,
          nicolae_vaults_border_crossing, v_misc_11,
          nicolae_vaults_storage_closets_2, nicolae_vaults_circle_grid_b,
          nicolae_vaults_storage_room_glass,
          nicolae_vaults_variable_pillar_hall, nicolae_vaults_tetromino_Z_2,
          layout_vaults_ring, serial_shops, shop, shop,
          nicolae_shop_tiny_statue_garden, shop
Vaults:2: ebering_ghost_inner_flame, dpeg_vaults_waves, v_misc_17,
          minmay_crypt_entry_simple_statues, nicolae_vaults_stepped_doors,
          nicolae_vaults_network_star, v_misc_3, v_rooms_2, v_misc_24,
          hangedman_vaults_corner, nicolae_vaults_tetromino_Z_2,
          layout_vaults_omnibox, serial_shops, nicolae_shop_statue_plus,
          uniq_zenata
Vaults:3: nicolae_vaults_diagonal_hallway_7, nicolae_vaults_heart-shaped_vault,
          v_misc_32, nicolae_vaults_heart-shaped_vault, v_misc_9,
          nicolae_vaults_surprise_closet, hangedman_vaults_trim,
          vaults_room_pool, layout_vaults_quadrants, uniq_bai_suzhen,
          uniq_nikola
Vaults:4: hangedman_vaults_stagger, nicolae_vaults_closet_pinwheel_4,
          hangedman_vaults_stretched_pinwheel, nicolae_vaults_meeting,
          nicolae_vaults_sesquioval_fish, hangedman_vaults_snaps,
          nicolae_vaults_tangram_1, vaults_room_pool,
          nicolae_vaults_shelves_hall, nicolae_vaults_specimen_jars,
          dpeg_vaults_monster_box, nicolae_vaults_alarming,
          vaults_dpeg_diagonal, nicolae_vaults_asterisk,
          layout_vaults_big_cross, nicolae_trove_entry_crossroad, serial_shops,
          bzr_entry_water
Vaults:5
Crypt:1:  layout_gridlike, grunt_crypt_arrival_webbed, grunt_megastairs_1
Crypt:2:  tekkud_devil_daggers, layout_misc_corridors, grunt_ministairs_5,
          st_burial_chamber, uniq_mennas
Crypt:3:  cryptofortress_bobbens
Tomb:1
Tomb:2
Tomb:3
Depths:1: thingy_vault_2, layout_gridlike, hell_entry, abyss_entry,
          nicolae_shop_i_like_big_books, minmay_shop_grid_forest,
          ashenzari_conservatory_becter, uniq_aizul, uniq_sojobo
Depths:2: minmay_the_grid_triangle_9x9_recursive_2
          [minmay_the_grid_triangle_9x9_prize_special,
          minmay_the_grid_triangle_9x9_corrupted_corridor,
          minmay_the_grid_triangle_9x9_minimal,
          minmay_the_grid_triangle_9x9_swiss_cheese], layout_basic,
          rand_demon_pan_entry_3, hell_entry, serial_shops,
          nicolae_take_the_stairs, minmay_shop_star,
          minmay_staircase_windowed_small, serial_bayou_shore_b, firewood_loft,
          uniq_mara
Depths:3: minmay_four_inscribed_fans, layout_gridlike, enter_ziggurat_b,
          nicolae_abyss_entry_one_way_or_another, hell_entry,
          rand_demon_pan_entry_9, kennysheep_flooded_box
Depths:4: grunt_twist_and_shout, layout_cave_pools, rand_demon_pan_entry_7,
          hell_entry, trog_three_pillars_becter
Hell
Dis:1:    layout_gridville
Geh:1:    layout_gehenna_lava_caves, nicolae_hells_hurtin_island
Geh:2:    layout_gehenna_pools_triple
Geh:3:    layout_gehenna_pools_triple
Coc:1:    layout_cocytus_delve
Coc:2:    layout_ice_bergs
Coc:3:    layout_cocytus_water_paths
Coc:4:    layout_ice_bergs
Coc:5:    layout_ice_bergs
Coc:6:    layout_cocytus_water_paths
Coc:7:    coc_dpeg
Tar:1:    layout_honeycomb
Tar:2:    layout_grid_maze, nicolae_tar_cuneiform_two
Zot:1:    layout_basic
Zot:2:    kennysheep_bubbly, layout_cathedral_of_symmetry,
          hangedman_player_shredder
Zot:3:    layout_twisted_circle, nrook_zot_tub
Zot:4:    layout_basic, grunt_megastairs_5
Zot:5:    layout_gridlike

Skill      XL: |  1  2  3  4  5  6  7  8  9 10 11 12 13 14 15 16 17 18 19 20 21 22 23 24 25 26 27 |
---------------+----------------------------------------------------------------------------------+-----
Earth Magic    | 4 5 6 8 9 11 12 14 15 17 18 19 20 21 22 23 25 26 27 | 27.0
Transmutations | 1 |  1.0
Fighting       | 1 2 3 4 5 6 7 8 10 11 22 | 22.1
Conjurations   | 1 2 3 4 6 7 9 11 12 14 15 16 17 18 19 20 21 23 24 25 27 | 27.0
Armour         | 1 2 3 4 5 6 7 8 12 | 12.0
Dodging        | 2 3 4 5 6 7 8 9 10 11 14 | 14.1
Stealth        | 3 |  3.0
Spellcasting   | 3 4 5 6 7 8 9 10 11 12 13 14 15 16 17 21 23 27 | 27.0
Staves         | 1 |  1.0
Evocations     | 2 3 |  3.0
Shields        | 2 4 6 7 9 10 11 12 20 | 20.0
Necromancy     | 2 4 5 |  5.0
Ice Magic      | 3 |  3.0
Air Magic      | 3 |  3.0

Action                     |  1- 3 |  4- 6 |  7- 9 | 10-12 | 13-15 | 16-18 | 19-21 | 22-24 | 25-27 || total
---------------------------+-------+-------+-------+-------+-------+-------+-------+-------+-------++-------
  Melee: Unarmed           |     4 |       |       |       |       |       |       |       |       ||     4
         Short sword       |    18 |       |       |       |       |       |       |       |       ||    18
         Dagger            |    12 |     4 |       |       |       |       |       |       |       ||    16
         Staff             |       |       |     1 |    14 |    14 |     2 |     2 |     2 |    10 ||    45
         Headbutt          |       |       |       |       |       |       |       |       |     4 ||     4
  Throw: Dart              |       |     4 |    15 |    12 |     9 |     8 |     6 |     7 |       ||    61
         Throwing net      |       |     1 |       |       |       |       |       |       |       ||     1
         Boomerang         |       |       |       |     3 |       |       |       |       |       ||     3
   Cast: Sandblast         |    50 |    58 |    69 |   162 |   301 |   157 |   101 |    11 |    29 ||   938
         Passwall          |       |     2 |       |       |       |       |       |       |       ||     2
         Stone Arrow       |       |     2 |    68 |   208 |   222 |   195 |    47 |    36 |    35 ||   813
         Brom's Barrelling |       |       |       |     2 |       |     1 |       |       |       ||     3
         Iskenderun's Myst |       |       |       |     9 |    55 |    26 |     6 |    11 |    25 ||   132
         Bombard           |       |       |       |       |   201 |   468 |   365 |   422 |   494 ||  1950
         Borgnjor's Vile C |       |       |       |       |    11 |    11 |    13 |    12 |     8 ||    55
         Lee's Rapid Decon |       |       |       |       |       |    21 |    24 |    20 |   107 ||   172
         Lehudib's Crystal |       |       |       |       |       |    10 |   142 |   150 |   281 ||   583
         Shatter           |       |       |       |       |       |       |       |    55 |   258 ||   313
         Orb of Destructio |       |       |       |       |       |       |       |       |    88 ||    88
         Freezing Cloud    |       |       |       |       |       |       |       |       |     5 ||     5
  Evoke: Wand              |       |       |       |     2 |     3 |     1 |     6 |    15 |     4 ||    31
         Tin of tremorston |       |       |       |       |     1 |       |       |       |       ||     1
         Lightning rod     |       |       |       |       |       |       |     4 |     4 |     4 ||    12
    Use: Scroll            |       |     7 |     1 |    15 |     9 |     8 |     7 |     7 |    18 ||    72
         Potion            |       |     5 |       |     2 |     1 |     8 |     1 |       |    29 ||    46
   Stab: Sleeping          |       |     1 |       |       |       |       |       |       |       ||     1
 Armour: Robe              |    26 |    60 |    18 |     1 |       |       |       |       |       ||   105
         Steam dragon scal |       |       |       |   209 |   386 |    33 |       |       |       ||   628
         Animal skin       |       |       |       |       |       |   303 |   223 |   222 |   413 ||  1161
         Skin              |       |       |       |       |       |       |       |       |     1 ||     1
  Dodge: Dodged            |    35 |    48 |    22 |   143 |   273 |   158 |   122 |   105 |   198 ||  1104
  Block: Kite shield       |       |       |       |       |       |   174 |   129 |   107 |   197 ||   607
         Reflection        |       |       |       |       |       |    55 |    40 |    24 |     7 ||   126

Table legend: (Time is in decaauts)
 A = Elapsed time spent in this place.
 B = Non-inter-level travel time spent in this place.
 C = Inter-level travel time spent in this place.
 D = Time resting spent in this place.
 E = Time spent auto-exploring this place.
 F = Levels seen in this place.
 G = Mean time per level.
                   A        B        C        D        E       F      G
               +--------+--------+--------+--------+--------+-----+--------+
         Total |  91990 |  82293 |   9697 |  21064 |  42518 |  73 | 1260.1 |
       Dungeon |  19565 |  16707 |   2858 |   2777 |  10508 |  15 | 1304.3 |
        Temple |     26 |     14 |     12 |      0 |      0 |   1 |   26.0 |
          Lair |   7264 |   6811 |    453 |   1242 |   3958 |   5 | 1452.8 |
        Shoals |   5873 |   5692 |    181 |   1480 |   3042 |   4 | 1468.2 |
     Snake Pit |   5593 |   5388 |    205 |    968 |   3299 |   4 | 1398.2 |
  Orcish Mines |   3381 |   2610 |    771 |    749 |   1086 |   2 | 1690.5 |
   Elven Halls |   5208 |   4891 |    317 |   1250 |   2271 |   3 | 1736.0 |
        Vaults |  10195 |   8306 |   1889 |   1576 |   4839 |   5 | 2039.0 |
         Crypt |   4330 |   3634 |    696 |    917 |   1678 |   3 | 1443.3 |
          Tomb |   4458 |   4049 |    409 |   1639 |   1316 |   3 | 1486.0 |
        Depths |   6922 |   6136 |    786 |   1484 |   3281 |   4 | 1730.5 |
          Hell |   1954 |   1778 |    176 |    988 |    499 |   1 | 1954.0 |
           Dis |    662 |    648 |     14 |    493 |     90 |   1 |  662.0 |
       Gehenna |    434 |    396 |     38 |     87 |    158 |   3 |  144.7 |
       Cocytus |   2598 |   2359 |    239 |    873 |   1015 |   7 |  371.1 |
      Tartarus |    739 |    718 |     21 |    367 |    175 |   2 |  369.5 |
           Zot |  10435 |   9808 |    627 |   3471 |   4401 |   5 | 2087.0 |
        Bazaar |    134 |    134 |      0 |      0 |     62 |   1 |  134.0 |
         Trove |    171 |    171 |      0 |      0 |     79 |   1 |  171.0 |
         Sewer |    173 |    173 |      0 |     21 |     93 |   1 |  173.0 |
      Ice Cave |   1108 |   1108 |      0 |    281 |    524 |   1 | 1108.0 |
      Gauntlet |    756 |    756 |      0 |    400 |    142 |   1 |  756.0 |
               +--------+--------+--------+--------+--------+-----+--------+

Top non-repeatable levels by time:
   Zot:5: 3058 daAuts
Vaults:2: 2661 daAuts
  Tomb:1: 2633 daAuts
Vaults:4: 2626 daAuts
Depths:3: 2496 daAuts
  Lair:5: 2477 daAuts
   Elf:2: 2426 daAuts
   Zot:2: 2379 daAuts
Depths:1: 2273 daAuts
 Snake:4: 2121 daAuts
    D:15: 2063 daAuts
 Crypt:3: 2052 daAuts
   Zot:1: 1977 daAuts
     D:4: 1969 daAuts
    Hell: 1954 daAuts
